 BcadrenCrawl: Boulder Brew version 0.06.7.3-20-gf43d639004 (webtiles) character file.

Game seed: 1214572753128217181

21 LLlMATKO the Skirmisher (level 2, 0/39 HPs) Minotaur Abyssal Knight. Began on Oct 8, 2023. Was a Believer of Lugonu. Slain by a cinder newt (4 damage) ... on level 1 of the Dungeon. The game lasted 00:00:26 (108 turns).

LLlMATKO the Skirmisher (Minotaur Abyssal Knight)    Turns: 108, Time: 00:00:27

Health: 0/39       AC:  3    Str: 16    XL:     2 ^: 10
Magic:  2/2        EV: 11    Int:  9    God:    Lugonu [2* [50]]
Gold:   0          SH:  0    Dex:  9    Spells: 1/1 levels left

rFire    . . .     Slash    x   a - +1 hatchet
rCold    . . .     Pierce   .   (no weapon)
rNeg     . . .     Bludgeon .   b - +0 leather armour
rCorr    . . .     Vision   .   (helmet restricted)
rPois    .                      (no cloak)
rElec    .                      (no gloves)
MR       .....                  (no boots)
HPRegen  0.23/turn              (no amulet)
MPRegen  0.12/turn              (no ring)
Stlth    +.........             (no ring)

@: no status effects
A: horns, retaliatory headbutt 2, soft flesh
a: Renounce Religion, Depart the Abyss, Bend Space


You were on level 1 of the Dungeon.
You worshipped Lugonu.
Lugonu was pleased with you.
You were not hungry.

You visited 1 branch of the dungeon, and saw 1 of its levels.
You visited the Abyss 1 time.

Inventory:

Weapons
 a - a +1 hatchet (weapon)
Armour
 b - a +0 leather armour (worn)
Comestibles
 c - 2 rations
 d - 3 chunks of flesh


   Skills:
 + Level 4.5 Fighting
 + Level 2.7 Axes & Hammers
 + Level 2.6 Armour
 + Level 1.1 Dodging
 + Level 1.8 Invocations


You had one spell level left.
You didn't know any spells.
Your spell library was empty.

Dungeon Overview and Level Annotations

Branches:
Dungeon (1/8)

Altars:


Innate Abilities, Weirdness & Mutations

You reflexively attack those that strike you in melee with your horns.
Your soft flesh is weak to deep cuts.
Heavy manmade armour will nullify this weakness. (rSlashing-)


Message History

You hit the cinder newt but do no damage.
The cinder newt is heavily wounded. (7/12) HP The cinder newt bites you (1).
* * * LOW HITPOINT WARNING * * *
The cinder newt burns you (3).
* * * LOW HITPOINT WARNING * * *
You hit the cinder newt but do no damage.
You hit the giant cockroach but do no damage.
The giant cockroach is healthy. (5/5) HP You hit the cinder newt (1).
It is struck brutally!
The cinder newt is heavily wounded. (6/12) HP The giant cockroach bites you but does no damage.
The cinder newt bites you. The cinder newt burns you (4).
* * * LOW HITPOINT WARNING * * *
The giant cockroach bites you but does no damage.
You closely miss the cinder newt. You closely miss the giant cockroach.
You hit the cinder newt but do no damage.
The cinder newt is heavily wounded. (6/12) HP The cinder newt bites you.
The cinder newt burns you (4).
You die...

...............##
##......
.#.#.###.....###.......
≈ . #................ ≈.
##.....####....... ..
#......# #....... #.
#..#...# #....... #..
#..#...# ##......
≈.##..#B.##############.
≈.....l@.# #......)..#.
≈.....)†.# #...###...#.
≈.......$# #.<.#÷#...'.
.........# #...###...#.
..###...## #?........#.
. #...# ###########.
....# ## ###..#


You could see a cinder newt and a giant cockroach (clinging).

Vanquished Creatures
  An ooze (D:1)
  3 bats (D:1)
  4 goblins (D:1)
  3 hobgoblins (D:1)
  4 rats (D:1)
15 creatures vanquished.

Vanquished Creatures (others)
  3 butterflies (D:1)
3 creatures vanquished.

Grand Total: 18 creatures vanquished

Notes
Turn   | Place    | Note
-------+----------+-------------------------------------------
     0 | Abyss:1  | LLlMATKO the Minotaur Abyssal Knight began the quest for
                  | the Orb.
     0 | Abyss:1  | Reached XP level 1. HP: 29/29 MP: 1/1
     0 | Abyss:1  | Found a corrupted altar of Lugonu.
    19 | D:1      | Escaped the Abyss
    60 | D:1      | Reached skill level 4 in Fighting
    70 | D:1      | Reached XP level 2. HP: 25/39 MP: 2/2
    76 | D:1      | Identified a scroll of acquirement
   105 | D:1      | Reached ** piety under Lugonu
   108 | D:1      | Slain by a cinder newt

Illustrated notes

Levels and vault maps discovered:
D:1:      nicolae_arrival_memento_mori, layout_rooms,
          ebering_dispersal_statue_hall, minmay_curled_crystal, minivault_14

Skill      XL: |  1 |
---------------+----+-----
Fighting       | 4 |  4.5
Axes & Hammers | |  2.7
Armour         | |  2.6
Dodging        | |  1.1
Invocations    | |  1.8

Action                   || total
-------------------------++-------
Melee: Hatchet           ||    23
       Unarmed           ||    12
       Headbutt          ||     3
Armor: Leather armour    ||    12
Dodge: Dodged            ||    11
